 Dungeon Crawl Stone Soup version 0.26.1-2-gb8aa6d0cf2 (webtiles) character file.

Game seed: 7789877517885551471

42 grosnain174 the Insei (level 3, -4/16 HPs)
             Began as a Vine Stalker Transmuter on Feb 21, 2021.
             Was an Initiate of Hepliaklqana.
             Killed from afar by Sigmund (6 damage)
             ... with a puff of flame
             ... on level 2 of the Dungeon.
             The game lasted 00:04:35 (2358 turns).

grosnain174 the Insei (Vine Stalker Transmuter)     Turns: 2358, Time: 00:04:35

Health: -4/16      AC:  4    Str: 12    XL:     3   Next: 56%
Magic:  0/7        EV: 12    Int: 14    God:    Hepliaklqana [......]
Gold:   110        SH:  0    Dex: 14    Spells: 0/6 levels left

rFire    . . .     SeeInvis .   g - +1 whip (flame)
rCold    . . .     Faith    .   (no shield)
rNeg     . . .     Spirit   +   a - +0 robe
rPois    .         Reflect  .   (no helmet)
rElec    .         Harm     .   l - +1 cloak
rCorr    .         Rampage  .   (no gloves)
Will     .....                  (no boots)
Stlth    +.........             (no amulet)
HPRegen  0.05/turn              (no ring)
MPRegen  0.10/turn              (no ring)

@: no status effects
A: reduced essence, fangs 2, magic shield, antimagic bite, no potion heal 3
a: Renounce Religion, Recall Ancestor, Ancestor Identity


You were on level 2 of the Dungeon.
You worshipped Hepliaklqana.
Hepliaklqana was noncommittal.
You visited 1 branch of the dungeon, and saw 2 of its levels.

You collected 110 gold pieces.

Inventory:

Hand Weapons
 g - a +1 whip of flaming (weapon)
Missiles
 i - 5 boomerangs
Armour
 a - a +0 robe (worn)
 l - a +1 cloak (worn)
Scrolls
 c - a scroll of identify {unknown}
 d - a scroll of enchant weapon
 e - a scroll of blinking {unknown}
 h - 2 scrolls of teleportation {unknown}
 j - a scroll of fear {unknown}
 k - a scroll of remove curse {unknown}
Potions
 f - 2 potions of degeneration {unknown}


   Skills:
 * Level 1.9 Fighting
 - Level 1.5 Dodging
 - Level 3.3 Unarmed Combat
 - Level 2.1 Spellcasting
 * Level 2.8 Transmutations
 + Level 0.3 Poison Magic


You couldn't memorise any spells.
You knew the following spells:

 Your Spells              Type           Power        Failure   Level
a - Beastly Appendage     Tmut           18%          8%          1
b - Wereblood             Tmut           9%           11%         2
c - Spider Form           Tmut/Pois      2%           36%         3

Your spell library contained the following spells:

 Spells                   Type           Power        Failure   Level
 Ice Form                 Ice/Tmut       5%           78%         4
 Blade Hands              Tmut           4%           90%         5


Dungeon Overview and Level Annotations

Branches:
Dungeon (2/15)

Altars:
Hepliaklqana

Annotations:
D:2 Sigmund


Innate Abilities, Weirdness & Mutations

You have extremely sharp teeth.
When hurt, damage is shared between your health and your magic reserves.
Your bite disrupts and absorbs the magic of your enemies.
Potions cannot restore your health.
Your life essence is reduced to manifest your ancestor. (-10% HP)


Message History

Michel resists.
The kobold throws a stone.
The stone hits Michel.
You swap places.
You hit the kobold. You burn the kobold.
You kill the kobold!
Something hits you!
Ouch! That really hurt!
Something freezes you.
Things that are here:
a +0 short sword; a kobold corpse You closely miss something.
You hear some strange, mumbled words.
A magic dart appears from out of thin air!
The magic dart hits you!
* * * LOW HITPOINT WARNING * * *
You hit something. You burn something.
You hear some strange, mumbled words.
A puff of flame appears from out of thin air!
The puff of flame hits you!
You die...

# ......#.####.≈≈≈≈≈.≈≈≈
#............≈≈≈≈≈.≈≈≈
#.###...####.≈≈≈≈≈.≈≈≈
#...#<............
#...#####K.......#
#.....)........#.#
#.#.(.....####.#
######..###########'#####
...........{@R..........#
#######.##########......#
#.#<.....###......###
#####.###..♣............#
#.....# #.♣♣............#
#.....###...............#
#...†.'......#..........###
#...†.########.............
#.....# #.............


You could see the friendly Michel the ancestor.

Vanquished Creatures
  A dart slug (D:1)
  A leopard gecko (D:1)
  4 giant cockroaches (D:1)
  6 goblins
  6 hobgoblins
  3 quokkas (D:2)
  3 bats (D:1)
  A frilled lizard (D:2)
  A kobold (D:2)
  6 rats
32 creatures vanquished.

Vanquished Creatures (collateral kills)
  2 goblins (D:2)
2 creatures vanquished.

Grand Total: 34 creatures vanquished

Notes
Turn   | Place    | Note
-------+----------+-------------------------------------------
     0 | D:1      | grosnain174 the Vine Stalker Transmuter began the quest for
                  | the Orb.
     0 | D:1      | Reached XP level 1. HP: 9/9 MP: 4/4
   120 | D:1      | Reached skill level 1 in Fighting
   694 | D:1      | Reached XP level 2. HP: 9/14 MP: 4/6
  1284 | D:1      | Learned a level 2 spell: Wereblood
  1526 | D:1      | Reached XP level 3. HP: 12/18 MP: 4/7
  1536 | D:1      | Learned a level 3 spell: Spider Form
  2108 | D:2      | Found a hazy altar of Hepliaklqana.
  2111 | D:2      | Became a worshipper of Hepliaklqana the Forgotten
  2311 | D:2      | Noticed Sigmund
  2358 | D:2      | Killed from afar by Sigmund

Illustrated notes

Levels and vault maps discovered:
D:1:      nagdon_arrival_double_spiral, layout_loops_cross, minmay_fountain_box,
          hangedman_decor_points
D:2:      layout_basic, lemuel_doored_altar, minivault_14,
          minmay_misc_feat_tower, minmay_misc_feat_enclosed,
          chequers_mini_garden, uniq_robin, uniq_sigmund

Skill      XL: |  1 |
---------------+----+-----
Fighting       | 1 |  1.9
Dodging        | |  1.5
Unarmed Combat | |  3.3
Spellcasting   | |  2.1
Transmutations | |  2.8
Poison Magic   | |  0.3

Action                   || total
-------------------------++-------
Melee: Unarmed           ||    94
       Bite              ||    15
       Headbutt          ||     3
       Kick              ||     8
       Whip              ||     9
       Punch             ||     1
 Cast: Beastly Appendage ||     7
Invok: Ancestor Identity ||     1
  Use: Scroll            ||     2
 Stab: Sleeping          ||     1
Armor: Robe              ||    23
Dodge: Dodged            ||    60
